Map: Frozen Temple

Players

MakeAllry

  • Race: Protoss Protoss

A.I. 1 (Very Hard) - Winner!

  • Race: Zerg Zerg

VOD

Have the link to the VOD?

Description

Time

  • Played on: Nov. 12, 2016, 2:22 p.m.
  • Length: 16:16
Show
View Real Time Build Order
Export as new Build Order

MakeAllry Protoss 

Build Orders: 1 Gate Expand 

Get SALT Encoding   

  12  0:01  Probe (Chrono Boost)  
  13  0:12  Probe (Chrono Boost)  
  14  0:18  Pylon  
  14  0:24  Probe (Chrono Boost)  
  15  0:38  Gateway  
  15  0:44  Probe (Chrono Boost)  
  16  0:51  Assimilator  
  16  0:56  Probe (Chrono Boost)  
  17  1:06  Probe (Chrono Boost)  
  18  1:17  Probe (Chrono Boost)  
  19  1:25  Nexus  
  19  1:31  Probe (Chrono Boost)  
  20  1:43  Probe (Chrono Boost), Cybernetics Core  
  22  1:54  Probe (Chrono Boost), Assimilator  
  22  2:04  Probe (Chrono Boost)  
  23  2:09  Pylon  
  23  2:13  Pylon  
  23  2:21  Warp Gate  
  23  2:24  Adept  
  25  2:36  Probe (Chrono Boost)  
  26  2:41  Probe (Chrono Boost)  
  27  2:47  Adept  
  27  2:50  Mothership Core (Chrono Boost)  
  31  2:52  Probe (Chrono Boost)  
  32  3:02  Gateway  
  32  3:03  Probe (Chrono Boost)  
  32  3:05  Gateway  
  34  3:13  Probe (Chrono Boost)  
  34  3:14  Probe (Chrono Boost)  
  34  3:17  Pylon  
  35  3:26  Probe (Chrono Boost)  
  36  3:27  Probe (Chrono Boost)  
  37  3:38  Probe x2 (Chrono Boost)  
  39  3:48  Probe (Chrono Boost), Pylon  
  40  3:50  Probe (Chrono Boost), Pylon  
  40  3:51  Adept  
  40  3:55  Adept  
  45  3:59  Probe (Chrono Boost), Adept  
  49  4:02  Probe (Chrono Boost)  
  49  4:09  Probe (Chrono Boost)  
  50  4:13  Robotics Facility  
  50  4:15  Probe (Chrono Boost)  
  50  4:16  Pylon  
  51  4:20  Probe (Chrono Boost)  
  52  4:27  Probe (Chrono Boost)  
  52  4:30  Probe (Chrono Boost)  
  54  4:37  Sentry  
  56  4:42  Sentry x2  
  60  4:57  Assimilator  
  60  4:59  Assimilator  
  60  5:02  Pylon  
  60  5:04  Immortal  
  64  5:15  Forge  
  64  5:16  Twilight Council  
  64  5:18  Forge  
  64  5:23  Pylon  
  64  5:26  Probe (Chrono Boost), Pylon  
  65  5:38  Immortal, Probe (Chrono Boost)  
  71  5:50  Probe (Chrono Boost)  
  71  5:58  Pylon  
  71  6:03  Probe (Chrono Boost)  
  71  6:04  Nexus  
  72  6:07  Pylon  
  72  6:09  Pylon  
  72  6:12  Immortal  
  72  6:14  Pylon  
  72  6:17  Pylon  
  72  6:18  Protoss Ground Weapons Level 1  
  76  6:20  Protoss Ground Armor Level 1, Pylon  
  76  6:23  Resonating Glaives  
  76  6:39  Gateway  
  76  6:42  Gateway  
  76  6:45  Gateway  
  76  6:51  Photon Cannon  
  76  6:52  Photon Cannon  
  76  6:57  Photon Cannon  
  76  6:58  Probe x2 (Chrono Boost)  
  78  7:01  Photon Cannon  
  79  7:08  Immortal  
  79  7:10  Probe x2 (Chrono Boost)  
  84  7:22  Probe x2 (Chrono Boost)  
  86  7:24  Stalker x3  
  92  7:33  Probe (Chrono Boost)  
  92  7:34  Probe x2 (Chrono Boost)  
  95  7:43  Probe (Chrono Boost), Stalker x2  
  100  7:44  Immortal  
  104  7:54  Probe x3 (Chrono Boost)  
  107  8:01  Pylon  
  107  8:04  Probe (Chrono Boost)  
  108  8:05  Pylon  
  108  8:14  Gateway x2, Protoss Shields Level 1  
  108  8:15  Probe (Chrono Boost)  
  108  8:18  Immortal  
  108  8:19  Gateway  
  109  8:26  Pylon  
  113  8:30  Pylon  
  113  8:45  Stalker  
  113  8:46  Stalker x5  
  123  8:53  Protoss Ground Weapons Level 2  
  123  8:57  Robotics Facility  
  123  9:07  Charge  
  123  9:08  Dark Shrine  
  123  9:28  Zealot x6  
  135  9:35  Immortal  
  139  9:57  Pylon  
  139  9:59  Immortal  
  143  10:01  Pylon  
  143  10:03  Stalker  
  143  10:05  Stalker  
  147  10:12  Assimilator  
  147  10:13  Probe (Chrono Boost)  
  148  10:14  Assimilator  
  152  10:24  Probe (Chrono Boost)  
  152  10:26  Zealot x4  
  152  10:27  Zealot x4  
  169  10:34  Probe (Chrono Boost)  
  170  10:36  Immortal  
  170  10:38  Immortal  
  174  10:45  Probe (Chrono Boost)  
  175  10:51  Protoss Ground Armor Level 2  
  175  10:56  Mothership Core (Chrono Boost), Blink  
  150  11:15  Observer  
  150  11:18  Observer  
  97  11:36  Observer  
  97  11:37  Dark Templar  
  97  11:38  Warp Prism, Dark Templar x8  
  112  11:57  Warp Prism  
  106  12:15  Protoss Shields Level 2  
  106  12:21  Zealot x3  
  106  12:22  Zealot x6  
  124  12:45  Immortal x2  
  124  12:50  Stalker  
  124  12:51  Stalker x8  
  150  13:21  Stalker x5  
  150  13:22  Stalker x2  
  136  13:45  Stalker  
  136  13:46  Stalker x4  
  88  14:05  Immortal  
  80  14:17  Zealot  
  80  14:18  Zealot x3  
  88  14:38  Stalker x3  
  94  14:50  Immortal  
  98  15:02  Dark Templar  
  98  15:03  Dark Templar  
  102  15:28  Stalker  
  102  15:29  Stalker x3  
  102  15:39  Stalker x2  
  83  15:51  Dark Templar  
  76  15:58  Dark Templar  
Show
View Real Time Build Order
Export as new Build Order

A.I. 1 (Very Hard) Zerg - Winner!

Build Orders: Pool First 

Get SALT Encoding   

  12  0:00  Drone  
  13  0:12  Overlord  
  13  0:17  Drone  
  14  0:30  Drone x2  
  14  0:34  Drone  
  17  0:47  Spawning Pool  
  17  0:49  Drone  
  17  1:11  Hatchery  
  17  1:14  Drone  
  17  1:17  Extractor  
  16  1:19  Drone  
  16  1:24  Extractor  
  16  1:25  Drone  
  17  1:30  Drone  
  18  1:38  Drone  
  19  1:49  Overlord  
  19  1:57  Queen  
  21  2:02  Zergling x2  
  22  2:10  Drone  
  23  2:23  Queen  
  23  2:29  Drone  
  26  2:35  Drone  
  27  2:40  Drone  
  27  2:43  Drone  
  29  2:57  Roach Warren  
  28  2:59  Drone  
  28  3:03  Drone  
  28  3:05  Zergling x2  
  31  3:09  Zergling x2  
  32  3:15  Overlord  
  32  3:19  Drone  
  33  3:21  Drone  
  34  3:36  Roach  
  34  3:37  Roach  
  34  3:38  Roach  
  34  3:40  Roach  
  42  3:45  Lair  
  42  3:50  Overlord  
  42  3:55  Overlord  
  42  3:59  Zergling x2  
  42  4:02  Zergling x2  
  44  4:08  Drone, Zergling x2  
  44  4:09  Drone  
  47  4:12  Drone  
  47  4:15  Drone  
  49  4:17  Drone  
  49  4:21  Roach  
  52  4:24  Roach  
  52  4:29  Overlord  
  54  4:37  Drone  
  55  4:39  Drone  
  55  4:41  Drone  
  55  4:43  Drone  
  58  4:46  Drone, Infestation Pit  
  58  4:49  Overlord  
  58  4:53  Overlord  
  58  4:58  Roach  
  60  5:00  Roach  
  60  5:07  Hydralisk Den  
  61  5:10  Drone  
  61  5:12  Drone  
  61  5:13  Drone  
  64  5:16  Drone  
  64  5:17  Drone  
  64  5:19  Drone  
  67  5:21  Drone  
  67  5:23  Drone  
  67  5:24  Drone  
  67  5:27  Drone  
  71  5:28  Drone  
  71  5:30  Drone  
  71  5:34  Overlord  
  73  5:36  Hydralisk  
  73  5:37  Hydralisk  
  73  5:40  Hydralisk  
  79  5:44  Hydralisk  
  79  5:46  Infestor  
  83  5:51  Infestor  
  83  5:52  Ravager  
  83  5:53  Overlord  
  83  5:56  Roach, Ravager  
  89  5:58  Roach  
  90  6:09  Hydralisk  
  90  6:10  Extractor, Hydralisk  
  90  6:11  Overlord, Hydralisk  
  93  6:12  Hydralisk  
  97  6:23  Extractor  
  97  6:24  Drone  
  97  6:30  Overlord  
  97  6:32  Drone  
  98  6:33  Hatchery, Drone x2  
  98  6:35  Drone, Infestor  
  102  6:46  Drone x3  
  105  6:49  Overlord  
  105  6:52  Infestor  
  107  6:55  Roach  
  109  7:05  Evolution Chamber  
  109  7:07  Evolution Chamber  
  109  7:08  Drone  
  108  7:09  Muscular Augments  
  108  7:14  Spine Crawler  
  107  7:16  Spine Crawler  
  106  7:30  Zerg Missile Weapons Level 1  
  106  7:33  Overseer  
  106  7:35  Overseer  
  106  7:41  Zerg Ground Armor Level 1  
  106  7:44  Roach  
  108  7:45  Queen, Roach  
  108  7:46  Drone x3, Overlord  
  108  7:47  Drone x4  
  108  7:48  Drone x3  
  108  7:49  Drone  
  108  7:50  Drone  
  124  7:52  Drone  
  124  7:53  Drone  
  124  7:55  Drone  
  124  7:56  Extractor  
  124  7:57  Drone  
  127  8:01  Drone  
  128  8:08  Hatchery  
  128  8:11  Overlord  
  128  8:12  Drone  
  128  8:14  Drone x2  
  128  8:16  Drone  
  128  8:17  Drone  
  128  8:18  Drone  
  128  8:19  Drone  
  134  8:21  Drone x2  
  134  8:25  Spore Crawler  
  134  8:26  Drone  
  134  8:27  Spore Crawler, Roach  
  133  8:29  Zergling x2  
  133  8:30  Zergling x2  
  129  8:34  Overlord  
  129  8:37  Zergling x2  
  129  8:38  Infestor  
  119  8:45  Infestor  
  119  8:47  Zergling x6, Roach  
  120  8:49  Zergling x2  
  120  8:52  Zergling x2  
  120  8:53  Zergling x4  
  124  8:57  Roach  
  124  8:58  Hydralisk  
  124  8:59  Ravager  
  124  9:00  Roach  
  131  9:05  Ravager  
  131  9:08  Roach  
  131  9:09  Overlord  
  134  9:10  Hydralisk  
  134  9:15  Infestor, Hydralisk x2  
  134  9:16  Extractor  
  141  9:19  Hydralisk  
  141  9:20  Drone, Roach  
  141  9:21  Drone  
  141  9:22  Hydralisk  
  141  9:23  Drone x2  
  141  9:24  Hydralisk  
  151  9:26  Infestor  
  151  9:28  Overlord  
  155  9:32  Evolution Chamber  
  155  9:34  Drone, Metabolic Boost  
  155  9:39  Queen  
  155  9:41  Extractor  
  155  9:42  Zerg Melee Weapons Level 1, Drone  
  157  9:47  Overlord  
  157  9:53  Lurker Den, Extractor  
  157  9:54  Drone  
  157  9:55  Drone, Spine Crawler  
  157  9:57  Drone, Spine Crawler  
  157  10:16  Hive  
  157  10:20  Hydralisk  
  157  10:21  Overlord  
  159  10:22  Hydralisk  
  159  10:28  Overseer  
  161  10:32  Pneumatized Carapace  
  161  10:33  Spine Crawler  
  161  10:34  Drone  
  161  10:36  Spore Crawler  
  161  10:37  Drone, Spine Crawler  
  161  10:38  Drone  
  161  10:39  Zerg Missile Weapons Level 2  
  161  10:40  Spore Crawler  
  161  10:41  Drone  
  161  10:43  Drone, Spore Crawler  
  161  10:52  Roach  
  161  10:54  Hydralisk  
  161  10:55  Overlord, Queen, Roach x2, Hydralisk x2  
  173  10:58  Roach x2  
  173  10:59  Roach  
  173  11:01  Infestor, Zergling x2  
  173  11:02  Zergling x4  
  173  11:03  Zergling x4  
  178  11:04  Zergling x4, Hydralisk  
  178  11:06  Zergling x2  
  178  11:07  Drone  
  178  11:08  Zergling x2  
  178  11:10  Drone  
  171  11:11  Drone  
  171  11:12  Drone  
  171  11:13  Drone  
  171  11:14  Roach  
  171  11:15  Drone  
  171  11:17  Drone  
  159  11:19  Roach  
  145  11:28  Drone, Viper  
  145  11:29  Drone  
  145  11:30  Drone  
  143  11:33  Roach  
  143  11:35  Roach  
  143  11:37  Infestor  
  143  11:39  Infestor  
  147  11:42  Roach  
  147  11:44  Roach  
  147  11:45  Hatchery, Lurker  
  147  11:46  Drone  
  154  11:47  Lurker  
  154  11:50  Roach  
  154  11:52  Viper  
  154  12:03  Queen  
  154  12:06  Zerg Ground Armor Level 2  
  156  12:21  Drone, Spire  
  156  12:29  Extractor  
  155  12:30  Drone  
  156  12:37  Spine Crawler  
  156  12:38  Drone  
  156  12:42  Queen  
  158  12:45  Roach  
  158  12:47  Roach  
  158  12:48  Roach  
  158  12:50  Roach  
  166  12:51  Overlord, Roach  
  166  12:53  Roach  
  166  12:54  Roach  
  172  12:58  Spine Crawler  
  172  12:59  Drone  
  172  13:03  Spine Crawler  
  172  13:04  Drone  
  172  13:06  Drone, Spine Crawler  
  172  13:07  Zerg Missile Weapons Level 3  
  172  13:16  Pathogen Glands  
  172  13:23  Zergling x4  
  174  13:28  Zergling x2  
  174  13:30  Zergling x4  
  174  13:31  Drone x3, Zergling x6  
  174  13:32  Zergling x2, Hydralisk  
  174  13:33  Drone  
  180  13:34  Zergling x2  
  180  13:35  Drone, Corruptor, Overseer, Greater Spire  
  180  13:36  Corruptor  
  180  13:38  Roach  
  180  13:39  Roach  
  172  13:42  Corruptor  
  172  13:46  Hatchery  
  151  13:51  Drone  
  151  13:53  Zergling x2  
  151  13:54  Roach  
  141  13:56  Roach  
  141  13:58  Roach  
  141  14:01  Corruptor  
  144  14:05  Spore Crawler  
  144  14:07  Viper, Spore Crawler  
  144  14:10  Viper  
  144  14:17  Neural Parasite, Queen  
  149  14:24  Queen  
  151  14:37  Spine Crawler  
  150  14:45  Zergling x2  
  151  14:54  Spire  
  151  14:59  Queen, Spore Crawler  
  149  15:00  Drone x4  
  149  15:01  Drone  
  149  15:02  Spine Crawler  
  149  15:03  Drone  
  149  15:05  Drone, Spore Crawler  
  152  15:15  Drone, Zergling x2, Extractor  
  152  15:17  Zergling x2  
  152  15:18  Zergling x2, Roach  
  152  15:19  Hydralisk  
  156  15:22  Zergling x2  
  156  15:23  Infestor, Hydralisk  
  156  15:24  Hatchery, Drone  
  156  15:25  Zergling x2  
  156  15:28  Drone, Roach  
  157  15:29  Drone, Hydralisk Den  
  157  15:31  Drone  
  140  15:35  Drone  
  140  15:37  Spine Crawler  
  140  15:38  Drone  
  140  15:40  Drone  
  125  15:42  Drone  
  125  15:45  Drone  
  125  15:47  Drone  
  119  15:50  Drone  
  119  15:52  Drone  
  119  15:55  Drone  
  119  15:56  Drone  
  120  15:59  Zergling x2  
  120  16:00  Drone  
Tags
 
Add a new tag
Caveats
  • Supply blocks, unpowered buildings, or Contaminate may cause inaccurate times.
  • Supply counts are checked every 10 seconds.